AoeStats
← elefantenlümmel

Arena

508294364Analyzed
2v2 RM · 11d ago on Sep 21, 2026· 24m 57s· 4 players
Game mode
Random Map
Map size
Medium (4 player)
Population
200
Speed
Normal
Resources
Standard
Victory
Conquest
Starting age
Dark Age
Ending age
Imperial Age
RankedLock teamsTeams togetherTeam positionsShared explorationLock speedFull tech treeHidden civsTurbo modeCheats
Victory
Defeat
🇧🇾 Muisca · Belarus
1378
+18
🇧🇷 Spanish · Brazil
1374
+18
🇨🇭 Spanish · Switzerland
1423
-18
🇨🇭 Cumans · Switzerland
1414
-18
andreymarchanka
10:30 Feudal Age
14:02 Castle Age
12:30 Double-Bit Axe
15:06 Bow Saw
16:48 Sanctity
21:34 Fervor
22:36 Redemption
Tabosa
11:02 Feudal Age
14:58 Castle Age
13:33 Double-Bit Axe
13:51 Horse Collar
16:19 Wheelbarrow
16:42 Padded Archer Armor
18:21 Loom
22:15 Leather Archer Armor
22:49 Gold Mining
24:48 Husbandry
Sackrattenbaer
11:09 Feudal Age
9:25 Loom
14:51 Castle Age
13:07 Horse Collar
14:03 Double-Bit Axe
21:41 Padded Archer Armor
elefantenlümmel
9:15 Feudal Age
10:12 Double-Bit Axe
18:53 Castle Age
17:06 Loom
18:51 Bloodlines
22:09 Light Cavalry
Connection lost

Rejoining the realm…

Still unreachable

The connection could not be restored.

Session expired

The server has moved on; the page needs a fresh start.